 Dungeon Crawl Stone Soup version 0.25-a0-167-g836c352ace (webtiles) character file.

Game seed: 7370713258816077945, levelgen mode: deterministic

109 Esekla the Caller (level 5, 0/38 HPs)
             Began as a Human Summoner on Nov 25, 2019.
             Succumbed to Robin's poison
             ... on level 2 of the Dungeon.
             The game lasted 00:30:46 (4429 turns).

Esekla the Caller (Human Summoner)                  Turns: 4429, Time: 00:30:47

Health: 0/38       AC: 11    Str:  6 (9)  XL:     5   Next: 13%
Magic:  8/8        EV:  6    Int: 13 (16) God:
Gold:   154        SH:  0    Dex: 12 (13) Spells: 7/8 levels left

rFire    x . .     SeeInvis .   e - -1 spear (curse)
rCold    + + .     Gourm    .   (no shield)
rNeg     . . .     Faith    .   q - +0 ice dragon scales
rPois    .         Spirit   +   (no helmet)
rElec    .         Reflect  .   m - +0 cloak
rCorr    .         Harm     .   (no gloves)
MR       +++..                  (no boots)
Stlth    ..........             j - amulet of Vuzeod {Spirit *Contam MR++}
HPRegen  0.12/turn              o - ring of protection from magic
MPRegen  0.11/turn              (no ring)

@: lethally poisoned (0 -> -9), flying
A: mutation resistance 1
a: no special abilities


You were on level 2 of the Dungeon.
You were not hungry.

You visited 1 branch of the dungeon, and saw 4 of its levels.

You collected 154 gold pieces.

Inventory:

Hand Weapons
 b - a +0 short sword
 e - a cursed -1 spear (weapon)
 l - a +0 long sword
Missiles
 g - 8 poisoned darts (quivered)
Armour
 a - a +0 robe
 f - a +0 ring mail
 h - a +0 cloak
 m - a +0 cloak (worn)
 q - +0 ice dragon scales (worn)
Jewellery
 j - the amulet of Vuzeod (around neck) {Spirit *Contam MR++}
   (You found it on level 4 of the Dungeon)

   [amulet of guardian spirit]

   It causes incoming damage to be split between your health and magic.
   It affects your resistance to hostile enchantments.
   It causes magical contamination when unequipped.
 o - a ring of protection from magic (left hand)
Scrolls
 r - a scroll of fog
Potions
 n - a potion of might
Comestibles
 c - 7 rations


   Skills:
 * Level 2.1 Fighting
 + Level 2.3 Armour
 + Level 2.9 Dodging
 + Level 2.3 Stealth
 + Level 2.1 Spellcasting
 - Level 4.0 Summonings


You had 7 spell levels left.
You knew the following spells:

 Your Spells              Type           Power        Failure   Level  Hunger
a - Summon Small Mammal   Summ           ##..         78%         1    ##.....

Your spell library contained the following spells:

 Spells                   Type           Power        Failure   Level  Hunger
 Call Imp                 Summ           ##......     89%         2    ###....
 Call Canine Familiar     Summ           ##......     98%         3    ####...
 Summon Guardian Golem    Hex/Summ       #.......     100%        3    ####...
 Summon Ice Beast         Ice/Summ       #.......     100%        4    #####..
 Summon Lightning Spire   Summ/Air       #.......     100%        4    #####..


Dungeon Overview and Level Annotations

Branches:
Dungeon (4/15)
 Temple: D:4-7

Altars:
Fedhas

Annotations:
D:2 Robin
D:3 Terence
D:4 Grinder


Innate Abilities, Weirdness & Mutations

You are somewhat resistant to further mutation.


Message History

You fly up into the air.
* * * LOW HITPOINT WARNING * * *
You feel sick.
It was a potion of degeneration.
There was something very wrong with that liquid.
You feel weakened.
You feel dopey.
You feel clumsy.
* * * LOW HITPOINT WARNING * * *
You feel sick.
* * * LOW HITPOINT WARNING * * *
You feel sick.
There is a stone staircase leading up here.
* * * LOW HITPOINT WARNING * * *
You feel sick.
* * * LOW HITPOINT WARNING * * *
You feel sick.
* * * LOW HITPOINT WARNING * * *
You feel sick.
* * * LOW HITPOINT WARNING * * *
You feel sick.
You die...

#### ######(.. #....#.##
#.##.#.#.
##########.##.#.#.
#..........##.....
##############.###....
#...>@....<...........
#.#####........##.....
#รท# ##<......##..... #.#
###.............. #.#
#................ #.#
#................ #.#
#.#..............
##.####.##.............
###......................


There were no monsters in sight!

Vanquished Creatures
  5 adders
  A worm (D:2)
  A dart slug (D:1)
  A leopard gecko (D:2)
  An orc (D:3)
  4 giant cockroaches
  15 goblins
  7 hobgoblins
  5 bats
  3 frilled lizards
  6 kobolds
  11 rats
60 creatures vanquished.

Notes
Turn   | Place    | Note
-------+----------+-------------------------------------------
     0 | D:1      | Esekla the Human Summoner began the quest for the Orb.
     0 | D:1      | Reached XP level 1. HP: 13/13 MP: 3/3
   552 | D:1      | Reached XP level 2. HP: 2/20 MP: 5/5
   904 | D:1      | Reached skill level 1 in Fighting
  1156 | D:1      | Reached XP level 3. HP: 14/26 MP: 6/6
  1541 | D:2      | Noticed a phantom
  1845 | D:3      | HP: 1/26 [poisoned by a kobold]
  1877 | D:3      | Noticed Robin
  2355 | D:3      | Reached skill level 1 in Armour
  2363 | D:3      | Found a blossoming altar of Fedhas.
  2407 | D:2      | Upgraded the game from 0.25-a0-166-g16436c4407 to
                  | 0.25-a0-167-g836c352ace
  2835 | D:2      | Reached XP level 4. HP: 26/32 MP: 7/7
  3709 | D:3      | Noticed Terence
  3742 | D:2      | Gained mutation: You tend to lose your temper in combat.
                  | [potion of mutation]
  3742 | D:2      | Gained mutation: You passively map a small area around you.
                  | [potion of mutation]
  3744 | D:2      | Reached XP level 5. HP: 2/38 MP: 8/8
  3749 | D:2      | HP: 1/38 [poisoned by an adder]
  4125 | D:2      | Lost mutation: You passively map a small area around you.
                  | [potion of mutation]
  4125 | D:2      | Lost mutation: You tend to lose your temper in combat.
                  | [potion of mutation]
  4125 | D:2      | Gained mutation: You are somewhat resistant to further
                  | mutation. [potion of mutation]
  4229 | D:4      | Got a serpentine tin amulet
  4232 | D:4      | Noticed Grinder
  4246 | D:3      | Identified the amulet of Vuzeod {Spirit *Contam MR++} (You
                  | found it on level 4 of the Dungeon)
  4428 | D:2      | HP: 1/38 [poisoned by Robin]
  4429 | D:2      | Succumbed to Robin's poison

Levels and vault maps discovered:
D:1:      mrwooster_arrival_statue_2, layout_loops_ring, minmay_misc_feat_room,
          minivault_25, glass_columns_a
D:2:      layout_basic
D:3:      layout_loops_ring, fedhas_ov_isle_minmay, uniq_robin, uniq_terence
D:4:      layout_loops_cross, uniq_edmund, uniq_crazy_yiuf_cottage, uniq_grinder

Skill      XL: |  1  2  3  4 |
---------------+-------------+-----
Fighting       | 1 2 |  2.1
Armour         | 1 2 |  2.3
Dodging        | |  2.9
Stealth        | |  2.3
Spellcasting   | |  2.1
Summonings     | |  4.0

Action                   |  1- 3 |  4- 6 || total
-------------------------+-------+-------++-------
Melee: Spear             |   313 |   187 ||   500
       Unarmed           |     2 |       ||     2
Throw: Dart              |       |     8 ||     8
  Use: Scroll            |     3 |     2 ||     5
       Potion            |     1 |     6 ||     7
  Eat: Chunk             |     2 |     3 ||     5
       Ration            |     1 |     1 ||     2
Armor: Robe              |     7 |       ||     7
       Ring mail         |   117 |    33 ||   150
       Ice dragon scales |       |    62 ||    62
Dodge: Dodged            |   175 |    85 ||   260

Table legend:
 A = Non-vault XP
 B = Vault XP
 C = Vault XP percentage of total XP
 D = Non-vault monster count
 E = Vault monster count
 F = Vault count percentage of total count
                 A         B        C        D         E       F
            +---------+---------+-------+---------+---------+-------
      Total |     137 |      20 |  12.7 |      50 |      10 |  16.7
            +---------+---------+-------+---------+---------+-------
        D:1 |      36 |       0 |   0.0 |      24 |       0 |   0.0
        D:2 |      72 |       2 |   2.7 |      14 |       1 |   6.7
        D:3 |      29 |      18 |  38.3 |      12 |       9 |  42.9
            +---------+---------+-------+---------+---------+-------
